 Dungeon Crawl Stone Soup version 0.30-a0-371-gad7725a93e (webtiles) character file.

Game seed: 10168351547595232965

22 PentaManta the Sneak (level 2, 0/19 HPs)
             Began as a Vampire Enchanter on Nov 22, 2022.
             Killed from afar by Natasha (9 damage)
             ... with a bolt of light
             ... on level 2 of the Dungeon.
             The game lasted 00:03:50 (837 turns).

PentaManta the Sneak (Vampire Enchanter)             Turns: 837, Time: 00:03:51

Health: 0/19       AC:  2    Str:  7    XL:     2   Next: 68%
Magic:  5/5        EV: 12    Int: 17    God:
Gold:   84         SH:  0    Dex: 14    Spells: 5/5 levels left

rFire   . . .      SeeInvis +    d - +2 dagger (speed)
rCold   . . .      Faith    .    (no shield)
rNeg    . . .      Spirit   .    b - +0 robe
rPois   .          Reflect  .    (no helmet)
rElec   .          Harm     .    (no cloak)
rCorr   .          Rampage  .    (no gloves)
Will    .....                    (no boots)
Stlth   +++.......               (no amulet)
HPRegen 0.43/turn                (no ring)
MPRegen 0.09/turn                (no ring)

@: healing quickly, invisible
A: alive, fangs 3, see invisible, vampiric 1
a: Exsanguinate


You were on level 2 of the Dungeon.
You visited 1 branch of the dungeon, and saw 2 of its levels.

You collected 84 gold pieces.

Inventory:

Hand Weapons
 d - a +2 dagger of speed (weapon)
Missiles
 i - 15 stones (quivered)
Armour
 a - a +0 pair of gloves
 b - a +0 robe (worn)
 g - a +0 ring mail
Scrolls
 f - a scroll of identify {unknown}
Potions
 c - a potion of invisibility
 e - a potion of flight {unknown}
 h - 2 potions of lignification {unknown}


   Skills:
 * Level 2.5 Short Blades
 - Level 2.1 Dodging
 + Level 5.0 Stealth
 - Level 2.0 Spellcasting
 - Level 4.4 Hexes


You had 5 spell levels left.
You didn't know any spells.
Your spell library contained the following spells:

 Spells                   Type           Power      Damage    Failure   Level
 Confusing Touch          Hex            16%        N/A       10%         3
 Tukima's Dance           Hex            16%        N/A       10%         3
 Ensorcelled Hibernation  Hex/Ice        18%        N/A       12%         2
 Sting                    Tmut/Pois      4%         1d3       19%         1
 Dazzling Flash           Conj/Hex       18%        N/A       24%         3
 Poisonous Vapours        Pois/Air       2%         N/A       28%         2
 Olgreb's Toxic Radiance  Pois           1%         N/A       88%         4


Dungeon Overview and Level Annotations

Branches:
Dungeon (2/15)

Altars:

Annotations:
D:2 Natasha


Innate Abilities, Weirdness & Mutations

Your natural rate of healing is accelerated.
You have razor-sharp teeth.
You have supernaturally acute eyesight. (SInv)
You are afflicted with vampirism.


Message History

You hit the dart slug.
The dart slug is severely wounded.
Natasha extends her claws.
You hit the dart slug but do no damage.
You bite the dart slug, but do no damage.
The dart slug is severely wounded.
The dart slug bites you.
There are monsters nearby!
Memorise Ensorcelled Hibernation, consuming 2 spell levels and leaving 3?
Natasha mumbles some strange words.
You start memorising the spell.
You continue memorising.
HP restored.
The dart slug bites you.
Your memorisation is interrupted.
The crimson imp blinks!
You hit the dart slug.
The dart slug is severely wounded.
You hit the dart slug.
You kill the dart slug!
You barely miss Natasha. You bite Natasha.
Natasha is moderately wounded.
Natasha barely misses you.
You closely miss Natasha. Your punch misses Natasha.
Natasha is moderately wounded.
You hit Natasha but do no damage.
Natasha is moderately wounded.
Natasha claws you.
You closely miss Natasha. You punch Natasha, but do no damage.
Natasha is moderately wounded.
Natasha claws you.
You hit Natasha but do no damage.
Natasha is moderately wounded.
You miss Natasha.
Natasha is moderately wounded.
Natasha claws you.
You closely miss Natasha.
Natasha is moderately wounded.
You fade into invisibility!
Natasha mumbles some strange words.
Natasha shimmers violently.
Natasha zaps a wand.
The bolt of light hits you!
You die...

. ##. .#.....# #.. #..#...##
#.# ......... .# #.#
......... .# #.# #...... .
####.# #.# #.... ... ....
#@###.##..#.!... ...
#h##.b..<.....w. #.#
##r##..##..#..#..
#.#.###.#####..5...##.... ...
.......>...........h....... .
.######.#########.###.#h#....
#.# .# #........ ..#####.# #
#######.. .......<# ..


You could see Natasha, a crimson imp (summoned, unable to see you) and a rat
(unable to see you).

Vanquished Creatures
  2 dart slugs (D:2)
  2 ball pythons (D:1)
  2 endoplasms (D:1)
  3 goblins (D:1)
  A hobgoblin (D:1)
  A kobold (D:1)
  2 quokkas (D:1)
  A bat (D:2)
  2 frilled lizards (D:1)
16 creatures vanquished.

Notes
Turn   | Place    | Note
-------+----------+-------------------------------------------
     0 | D:1      | PentaManta the Vampire Enchanter began the quest for the
                  | Orb.
     0 | D:1      | Reached XP level 1. HP: 13/13 MP: 3/3
   128 | D:1      | Reached XP level 2. HP: 19/19 MP: 5/5
   765 | D:2      | Noticed Natasha
   819 | D:2      | Reached skill level 5 in Stealth
   826 | D:2      | Noticed a crimson imp
   837 | D:2      | Killed from afar by Natasha

Illustrated notes

Levels and vault maps discovered:
D:1:      eino_arrival_cavern_e, layout_basic, st_stairs_14, minivault_23
D:2:      layout_loops_ring, basic_altar, uniq_natasha, uniq_jessica

Skill      XL: |  1  2 |
---------------+-------+-----
Short Blades   | 2 |  2.5
Stealth        | 5 |  5.0
Dodging        | |  2.1
Spellcasting   | |  2.0
Hexes          | |  4.4

Action                   || total
-------------------------++-------
Melee: Dagger            ||    46
       Bite              ||     4
       Punch             ||     1
  Use: Potion            ||     1
 Stab: Sleeping          ||     7
Armor: Robe              ||     1
Dodge: Dodged            ||     9

Table legend: (Time is in decaauts)
 A = Elapsed time spent in this place.
 B = Non-inter-level travel time spent in this place.
 C = Inter-level travel time spent in this place.
 D = Time resting spent in this place.
 E = Time spent auto-exploring this place.
 F = Levels seen in this place.
 G = Mean time per level.
                   A        B        C        D        E       F      G
               +--------+--------+--------+--------+--------+-----+--------+
         Total |    818 |    773 |     45 |      0 |    629 |   2 |  409.0 |
       Dungeon |    818 |    773 |     45 |      0 |    629 |   2 |  409.0 |
               +--------+--------+--------+--------+--------+-----+--------+

Top non-repeatable levels by time:
     D:1: 778 daAuts
     D:2: 39 daAuts
